 Dungeon Crawl Stone Soup version 0.31.0-4-g52a2dc7128 (webtiles) character file.

Game seed: 16516667352344132695

3481 stipulation the Grappler (level 10, -3/77 HPs)
             Began as a Ghoul Monk on Jan 21, 2024.
             Slain by a gnoll bouda
             ... wielding a +0 club
              (8 damage)
             ... on level 7 of the Dungeon.
             The game lasted 00:05:15 (6750 turns).

stipulation the Grappler (Ghoul Monk)               Turns: 6750, Time: 00:05:16

Health: -3/77      AC: 18    Str: 20    XL:     10   Next: 7%
Magic:  10/10      EV:  6    Int:  9    God:
Gold:   237        SH: 10    Dex: 11    Spells: 9/9 levels left

rFire   + .          .
                       - Unarmed
rCold   + + .        J - +1 buckler {rC+ rF+}
rNeg    + + +        t - +0 plate armour
rPois   ∞            (no helmet)
rElec   .            p - +1 cloak
rCorr   .            (no gloves)
SInv    .            u - +2 pair of boots
Will    .....        q - amulet of reflection Stlth
                     (no ring)
HPRegen 0.00/turn    (no ring)
MPRegen 0.12/turn

%: reflection
@: weakened, inhibited regen
A: claws 1, cold resistance 1, negative energy resistance 3, inhibited
regeneration, torment resistance 2, devour on kill
a: no special abilities


You were on level 7 of the Dungeon.
You visited 2 branches of the dungeon, and saw 8 of its levels.
You also visited: Ossuary.

You collected 333 gold pieces.
You spent 96 gold pieces at shops.

Inventory:

Missiles
 y - 5 throwing nets (quivered)
Armour
 c - an orb of light
 n - a +0 chain mail
 p - a +1 cloak (worn)
 t - a +0 plate armour (worn)
 u - a +2 pair of boots (worn)
 J - a +1 buckler of resistance (worn)
 K - a +0 kite shield
Jewellery
 q - an amulet of reflection (around neck)
 s - an amulet of regeneration
 x - an amulet of magic regeneration
Wands
 w - a wand of paralysis (9)
Scrolls
 a - a scroll of amnesia
 e - 4 scrolls of fear
 g - 2 scrolls of fog
 j - 5 scrolls of noise
 o - 4 scrolls of poison {unknown}
 r - 2 scrolls of blinking {unknown}
 z - a scroll of vulnerability {unknown}
 A - 2 scrolls of teleportation
 C - a scroll of enchant weapon {unknown}
 H - a scroll of enchant armour {unknown}
 I - 2 scrolls of silence {unknown}
Potions
 b - a potion of ambrosia
 d - 3 potions of invisibility
 f - 3 potions of brilliance
 i - 3 potions of attraction
 k - a potion of mutation {unknown}
 l - 2 potions of lignification
 m - 3 potions of curing
 v - 2 potions of heal wounds
 B - a potion of resistance {unknown}
 D - a potion of enlightenment {unknown}
 E - a potion of haste {unknown}
 F - a potion of berserk rage {unknown}
 G - a potion of degeneration {unknown}


   Skills:
 - Level 3.2 Fighting
 - Level 6.0 Armour
 - Level 2.6 Dodging
 + Level 2.0 Shields
 + Level 13.4 Unarmed Combat


You had 9 spell levels left.
You didn't know any spells.
Your spell library contained the following spells:

 Spells                   Type           Power      Damage    Failure   Level
 Freeze                   Ice            0%         1d3       100%        1
 Kiss of Death            Conj/Necr      0%         2d5       100%        1
 Shock                    Conj/Air       0%         1d3       100%        1
 Ensorcelled Hibernation  Hex/Ice        0%         N/A       100%        2
 Scorch                   Fire           0%         2d5       100%        2
 Call Canine Familiar     Summ           0%         N/A       100%        3
 Confusing Touch          Hex            0%         N/A       100%        3
 Frozen Ramparts          Ice            0%         1d1       100%        3
 Hailstorm                Conj/Ice       0%         3d5       100%        3
 Passwall                 Erth           0%         N/A       100%        3
 Swiftness                Air            0%         N/A       100%        3
 Airstrike                Air            0%         2d(0-16)  100%        4
 Dispel Undead            Necr           0%         3d6       100%        4
 Sticky Flame             Fire/Alch      0%         2d4       100%        4
 Summon Blazeheart Golem  Fire/Summ      0%         N/A       100%        4
 Plasma Beam              Fire/Air       0%         2x1d10    100%        6
 Orb of Destruction       Conj           0%         9d5       100%        7
 Spellforged Servitor     Conj/Summ      0%         N/A       100%        7


Dungeon Overview and Level Annotations

Branches:
Dungeon (7/15)             Temple (1/1) D:6         Ossuary (visited)

Altars:
Ashenzari
Cheibriados
Dithmenos
Fedhas
Gozag
Hepliaklqana
Kikubaaqudgha
Okawaru
Qazlal
Sif Muna
Trog
Uskayaw
Xom
Yredelemnul

Shops:
D:4 !

Annotations:
D:7 1 runed translucent door, Crazy Yiuf


Innate Abilities, Weirdness & Mutations

You are immune to poison.
You have sharp fingernails.
Your flesh is cold resistant. (rC+)
You are immune to negative energy. (rN+++)
You do not regenerate when monsters are visible.
You are immune to unholy pain and torment.
You thrive by killing the living.


Message History

You are too injured to fight recklessly!
You are too injured to fight recklessly!
You are too injured to fight recklessly!
You are too injured to fight recklessly!
You are too injured to fight recklessly!
You are too injured to fight recklessly!
You claw the two-headed ogre!
The two-headed ogre is heavily wounded.
You block the ufetubus's attack.
The ufetubus hits you but does no damage.
The two-headed ogre hits you with a +0 giant club!!
The two-headed ogre hits you with a +0 giant spiked club.
You claw the two-headed ogre!
The two-headed ogre is severely wounded.
The ufetubus closely misses you. You block the ufetubus's attack.
You block the gnoll's attack.
The gnoll bouda gazes fiercely through you!
You feel as though you will be weak longer.
You scratch the two-headed ogre.
The two-headed ogre is severely wounded.
You block the ufetubus's attack.
The ufetubus hits you but does no damage.
You block the gnoll's attack.
The two-headed ogre hits you with a +0 giant club!
* * * LOW HITPOINT WARNING * * *
The two-headed ogre hits you with a +0 giant spiked club!
* * * LOW HITPOINT WARNING * * *
You claw the two-headed ogre!
The two-headed ogre is almost dead.
You block the ufetubus's attack. x2
The gnoll bouda hits you but does no damage.
The gnoll hits you but does no damage.
The gnoll hits you from afar with a +0 halberd.
* * * LOW HITPOINT WARNING * * *
The ufetubus barely misses you.
The ufetubus hits you but does no damage.
You barely miss the two-headed ogre.
The two-headed ogre is almost dead.
The gnoll bouda hits you with a +0 club!
You die...

#.## ###g........
##.)###.....#.....
#.)..<#.#...#.....
##.##.......##..#<.
##..###......#.....#
#<.##gg.g.........##
#######.##gg#.......#..?.
........##g##.###.......
....>....@O#..# ###..##.
.########5....... ....
#....#### .... ...### .#
..#.# .##.. . ### ..


You could see a two-headed ogre, a gnoll bouda, 4 gnolls and an ufetubus.

Vanquished Creatures
  Pikel (D:4)
  A hornet (D:7)
  Grinder (D:3)
  3 ice beasts
  2 black bears (D:5)
  An orc warrior (D:6)
  2 ogres
  A kobold brigand (D:6)
  A weeping skull (Ossuary)
  2 lemures (D:4)
  Blork the orc (D:5)
  A bullfrog (D:7)
  3 gnoll sergeants
  4 scorpions
  4 water moccasin zombies (Ossuary)
  A howler monkey (D:6)
  A spectral scorpion (Ossuary)
  2 hounds
  2 jellies
  4 orc priests
  A sleepcap (D:4)
  Natasha (twice) (D:3)
  Jessica (D:2)
  4 iguanas
  Terence (D:3)
  An orc wizard (D:5)
  2 crocodile zombies (Ossuary)
  2 mummies (Ossuary)
  Robin (D:3)
  21 gnolls
  6 adders
  A shadow imp (D:6)
  A white imp (D:6)
  6 adder zombies (Ossuary)
  4 dart slugs
  A ribbon worm (D:2)
  21 orcs
  8 endoplasms
  2 giant cockroaches
  10 gnoll zombies (Ossuary)
  11 goblins
  14 hobgoblins
  4 jackals (D:5)
  15 kobolds
  2 quokkas
  10 ball pythons
  6 bats
  2 jackal zombies (Ossuary)
  5 orc zombies (Ossuary)
  3 rats
206 creatures vanquished.

Notes
Turn   | Place    | Note
-------+----------+-------------------------------------------
     0 | D:1      | stipulation the Ghoul Monk began the quest for the Orb.
     0 | D:1      | Reached XP level 1. HP: 19/19 MP: 1/1
    90 | D:1      | Reached skill level 4 in Unarmed Combat
    90 | D:1      | Reached XP level 2. HP: 22/26 MP: 2/2
   205 | D:1      | Reached XP level 3. HP: 31/31 MP: 3/3
   242 | D:1      | Got the Grimoire of the Blaze and Generation
   836 | D:1      | Reached skill level 5 in Unarmed Combat
  1217 | D:2      | Reached XP level 4. HP: 33/38 MP: 4/4
  1451 | D:2      | Noticed Jessica
  1461 | D:2      | Killed Jessica
  1462 | D:2      | Reached skill level 6 in Unarmed Combat
  1914 | D:3      | Reached XP level 5. HP: 37/45 MP: 5/5
  1955 | D:3      | Noticed Grinder
  1956 | D:3      | Paralysed by Grinder for 3 turns
  1987 | D:3      | Killed Grinder
  1988 | D:3      | Reached skill level 7 in Unarmed Combat
  1988 | D:3      | Reached XP level 6. HP: 25/51 MP: 6/6
  2048 | D:3      | Noticed Terence
  2055 | D:3      | Killed Terence
  2107 | D:3      | Noticed Robin
  2113 | D:3      | Killed Robin
  2178 | D:3      | Reached skill level 8 in Unarmed Combat
  2209 | D:3      | Noticed Natasha
  2213 | D:3      | Killed Natasha
  2214 | D:3      | Reached XP level 7. HP: 52/57 MP: 7/7
  2404 | D:3      | Found a hazy altar of Hepliaklqana.
  2405 | D:3      | Found a shadowy altar of Dithmenos.
  2405 | D:3      | Noticed a shadow
  2465 | D:3      | Noticed Natasha
  2471 | D:3      | Killed Natasha
  2930 | D:4      | Reached skill level 1 in Armour
  2943 | D:4      | Reached skill level 9 in Unarmed Combat
  3076 | D:4      | Noticed Pikel
  3089 | D:4      | Killed Pikel
  3090 | D:4      | Reached XP level 8. HP: 53/63 MP: 8/8
  3157 | D:4      | Found Hoddis's Distillery.
  3165 | D:4      | Bought a potion of curing for 36 gold pieces
  3165 | D:4      | Bought a potion of heal wounds for 60 gold pieces
  3184 | D:4      | Reached skill level 10 in Unarmed Combat
  3732 | D:5      | Entered Level 5 of the Dungeon
  3744 | D:5      | Noticed Blork the orc
  3751 | D:5      | Killed Blork the orc
  3989 | D:5      | Reached skill level 5 in Armour
  4145 | D:5      | Reached XP level 9. HP: 66/70 MP: 9/9
  4173 | D:5      | Reached skill level 11 in Unarmed Combat
  4786 | D:5      | Identified the +6 dagger of Okawaru's Reproof {freeze, rC+}
  5349 | D:6      | Found a sand-covered staircase.
  5362 | Ossuary  | Entered an ossuary
  5465 | Ossuary  | Reached skill level 12 in Unarmed Combat
  5993 | D:6      | Reached skill level 13 in Unarmed Combat
  6370 | D:6      | Found a staircase to the Ecumenical Temple.
  6455 | Temple   | Entered the Ecumenical Temple
  6564 | D:7      | Noticed a hornet
  6573 | D:7      | Killed a hornet
  6574 | D:7      | Reached skill level 1 in Shields
  6574 | D:7      | Reached XP level 10. HP: 74/77 MP: 10/10
  6612 | D:7      | Found a runed translucent door.
  6613 | D:7      | Noticed Crazy Yiuf
  6628 | D:7      | Noticed a two-headed ogre
  6750 | D:7      | Slain by a gnoll bouda

Illustrated notes

Levels and vault maps discovered:
D:1:      dpeg_arrival_court, layout_basic, nicolae_figureground_pulse
D:2:      layout_basic, uniq_jessica
D:3:      layout_rooms, riverfiend_overflow_shadow_ancestor, kennysheep_potato,
          uniq_terence, uniq_robin, uniq_natasha, uniq_grinder
D:4:      layout_gridville, serial_shops, nicolae_lakefront_shop,
          amcnicky_mini_rare_corridor_liquid, moated_statue, uniq_pikel
D:5:      layout_basic, uniq_blork_the_orc
D:6:      layout_rooms, minmay_temple_entry_mist, nicolae_ossuary_entry_monument
D:7:      layout_rooms, makhleb_heckhound_becter, minitemple, enter_bailey_2,
          chequers_serial_rivers_micro_c, uniq_crazy_yiuf_cottage
Temple:   hellmonk_temple_flake

Skill      XL: |  1  2  3  4  5  6  7  8  9 10 |
---------------+-------------------------------+-----
Unarmed Combat | 4 5 6 7 8 9 10 13 | 13.4
Armour         | 3 5 6 |  6.0
Shields        | 1 2 |  2.0
Fighting       | |  3.2
Dodging        | |  2.6

Action                     |  1- 3 |  4- 6 |  7- 9 | 10-12 || total
---------------------------+-------+-------+-------+-------++-------
  Melee: Unarmed           |    85 |    93 |   398 |    21 ||   597
    Use: Scroll            |       |       |       |     9 ||     9
 Armour: Robe              |    44 |     9 |       |       ||    53
         Chain mail        |       |    49 |     8 |       ||    57
         Plate armour      |       |       |   328 |    30 ||   358
  Dodge: Dodged            |    59 |    28 |    90 |     5 ||   182
  Block: Buckler           |       |       |     6 |    23 ||    29
